 Dungeon Crawl Stone Soup version 0.29-a0-824-gd827844252 (console) character file.

Game seed: 16458274417245818180

1491 shmup the Basher (level 9, 0/75 HPs)
             Began as a Meteoran Cinder Acolyte on July 9, 2022.
             Was a High Priest of Ignis.
             Slain by a ball python (1 damage)
             ... in a sewer on July 10, 2022.
             The game lasted 00:30:12 (3364 turns).

shmup the Basher (Meteoran Cinder Acolyte)          Turns: 3364, Time: 00:30:12

Health: 0/75       AC:  4    Str: 17    XL:     9   Next: 28%
Magic:  17/17      EV: 12    Int: 25    God:    Ignis [*****.]
Gold:   251        SH:  0    Dex: 10    Spells: 9/18 levels left

rFire   + . .      SeeInvis .   A - +10 flail "Arety" {spect, rElec rC+}
rCold   + . .      Faith    .   (no shield)
rNeg    . . .      Spirit   .   b - +0 robe
rPois   .          Reflect  .   d - +0 helmet
rElec   +          Harm     .   p - +0 cloak
rCorr   .          Rampage  .   (no gloves)
Will    +....                   (no boots)
Stlth   +.........              w - amulet of the acrobat
HPRegen 0.22/turn               i - +6 ring of intelligence
MPRegen 0.15/turn               D - +4 ring of evasion

@: glowing, constricted, very slow
A: sense surroundings 2, otherworldly, glowing, explore regen
a: Renounce Religion, Fiery Armour, Foxfire Swarm, Rising Flame


You were in a sewer.
You worshipped Ignis.
Ignis was extremely pleased with you.
You visited 1 branch of the dungeon, and saw 6 of its levels.
You also visited: Sewer.

You collected 251 gold pieces.

Inventory:

Hand Weapons
 a - a -1 mace of flaming
 z - a +2 dagger of electrocution
 A - the +10 flail "Arety" (weapon) {spect, rElec rC+}
   (You found it on level 5 of the Dungeon)

   When its wielder attacks, the weapon's spirit leaps out and strikes again.
   The spirit shares a part of any damage it takes with its wielder.
   rC:        It protects you from cold.
   rElec:     It insulates you from electricity.
Missiles
 f - 43 stones (quivered)
Armour
 b - a +0 robe (worn)
 d - a +0 helmet (worn)
 p - a +0 cloak (worn)
Magical Staves
 y - a staff of poison
Jewellery
 i - a +6 ring of intelligence (left hand)
 t - a ring of ice
 w - an amulet of the acrobat (around neck)
 D - a +4 ring of evasion (right hand)
Wands
 c - a wand of flame (5)
 C - a wand of digging (9)
Scrolls
 h - 2 scrolls of fog {unknown}
 m - a scroll of acquirement {unknown}
 n - 4 scrolls of vulnerability {unknown}
 o - a scroll of fear {unknown}
 q - 2 scrolls of teleportation {unknown}
 r - 2 scrolls of magic mapping {unknown}
 u - 2 scrolls of enchant armour {unknown}
 v - a scroll of immolation {unknown}
 E - a scroll of identify
Potions
 e - 2 potions of brilliance
 g - a potion of cancellation {unknown}
 j - 3 potions of curing
 k - 3 potions of invisibility
 l - 2 potions of haste
 s - 2 potions of heal wounds {unknown}
 x - 2 potions of mutation {unknown}
 B - a potion of might {unknown}
 F - 2 potions of attraction {unknown}


   Skills:
 + Level 5.8 Fighting
 + Level 8.7 Maces & Flails
 - Level 5.0 Spellcasting
 + Level 8.6 Fire Magic


You had 9 spell levels left.
You knew the following spells:

 Your Spells              Type           Power      Damage    Failure   Level
a - Foxfire               Conj/Fire      100%       2x1d9     1%          1
b - Scorch                Fire           98%        2d10      1%          2
c - Conjure Flame         Conj/Fire      27%        6-21      4%          3
d - Inner Flame           Hex/Fire       27%        N/A       4%          3

Your spell library contained the following spells:

 Spells                   Type           Power      Damage    Failure   Level
 Flame Wave               Conj/Fire      27%        2d7       14%         4
 Ozocubu's Armour         Ice            6%         N/A       24%         3
 Ozocubu's Refrigeration  Ice            3%         4d5       100%        7


Dungeon Overview and Level Annotations

Branches:
Dungeon (6/15) Zot: 442     Sewer (1/1) Zot: 339
 Temple: D:4-7

Altars:
Uskayaw
Yredelemnul

Shops:
D:1 !

Annotations:
D:3 2 runed translucent doors, Vadun's ghost, novice TeFi


Innate Abilities, Weirdness & Mutations

You passively map the area around you.
You are easily found by Zot.
You glow in the dark.
You regain HP and MP as you explore.


Message History

The ball python constricts you. The ball python barely misses you.
The bullfrog hits you.
* * * LOW HITPOINT WARNING * * *
The ball python closely misses you.
You barely miss the bullfrog.
Your +10 flail "Arety" {spect, rElec rC+} hits the bullfrog!!
The ball python bites you but does no damage.
The ball python constricts you.
The bullfrog hits your +10 flail "Arety" {spect, rElec rC+}!
Your spectral weapon shares its damage with you!
* * * LOW HITPOINT WARNING * * *
The ball python bites you but does no damage. x2
You catch the helpless bullfrog completely off-guard!
You sock the bullfrog!
You kill the bullfrog!
The ball python misses you. The ball python constricts you.
* * * LOW HITPOINT WARNING * * *
The ball python bites you.
* * * LOW HITPOINT WARNING * * *
The ball python barely misses you.
The ball python bites you but does no damage.
The ball python constricts you.
You escape the ball python's grasp.
The ball python attacks as you move away!
The ball python misses you. The ball python barely misses you.
The ball python attacks as you move away!
The ball python barely misses you. The ball python misses you.
The ball python completely misses you. The ball python misses you.
The ball python grabs you. The ball python constricts you.
Why would you want to do that?
You sock the ball python!
You kill the ball python!
The ball python bites you.
* * * LOW HITPOINT WARNING * * *
The ball python barely misses you. The ball python constricts you.
The ball python closely misses you.
The ball python bites you but does no damage.
The ball python constricts you.
You barely miss the ball python.
Your +10 flail "Arety" {spect, rElec rC+} completely misses the ball python.
The ball python bites you but does no damage.
The ball python bites you.
You die...

▒~~~~~~▒▒▒▒▒
▒~~~~~~
▒~~~~~~▒
▒~~~~~~
▒~~~~~~▒
▒~~%~~~
▒~~~~~~▒
▒~~~~~~
▒~~~~~~▒
▒~~~~~~
▒~~~~~~▒
▒▒~~~.▒
▒~~▒~~~▒
▒~~...~
▒~.~~~~▒
▒~~~~.▒
▒~.~~~~▒
▒~~~~~~
▒~~(~~~▒
▒~~~~~~
▒~~pS~~▒
▒~~~~~~
▒~~SJ~~▒
▒~~~~~~
▒~~~%~~▒
▒~~~~~~
▒~~~~~~▒
▒~~~~~~
▒~~~▒~~▒
▒~~~~~~
▒▒~....▒
▒▒.~~..
......▒ ░
▒......
▒......▒ , ░
▒▒.....
▒...,..+
▒..... , ,
▒▒.... ░ ░
▒▒...


You could see an endoplasm, 2 ball pythons and a friendly +10 flail "Arety"
{spect, rElec rC+} (summoned).

Vanquished Creatures
  Maggie (D:6)
  2 ice beasts
  A centaur (D:6)
  A phantom (D:4)
  2 bullfrogs (Sewer)
  2 scorpions (D:5)
  2 necrophages
  2 orc priests (D:3)
  A hound (D:5)
  3 iguanas (D:4)
  An orc wizard (D:5)
  3 gnolls (D:6)
  11 adders
  8 river rats (Sewer)
  An ufetubus (D:5)
  2 worms (D:2)
  2 dart slugs
  12 orcs
  3 bats
  3 endoplasms
  7 giant cockroaches
  6 goblins
  4 hobgoblins
  5 kobolds
  A quokka (D:1)
  21 ball pythons
  8 frilled lizards
  25 rats
140 creatures vanquished.

Vanquished Creatures (others)
  A gnoll (D:6)
  7 foxfires
8 creatures vanquished.

Grand Total: 148 creatures vanquished

Notes
Turn   | Place    | Note
-------+----------+-------------------------------------------
     0 | D:1      | shmup the Meteoran Cinder Acolyte began the quest for the
                  | Orb.
     0 | D:1      | Reached XP level 1. HP: 19/19 MP: 3/3
    10 | D:1      | Learned a level 1 spell: Foxfire
    98 | D:1      | Reached XP level 2. HP: 24/26 MP: 3/5
   161 | D:1      | Found a faded altar of an unknown god.
   326 | D:1      | Reached XP level 3. HP: 31/31 MP: 6/6
   329 | D:1      | Learned a level 2 spell: Scorch
   390 | D:1      | Found Qanois Weat's Distillery.
   495 | D:1      | Glimpsed the power of Zot.
   528 | D:2      | Learned a level 3 spell: Conjure Flame
   730 | D:2      | Reached XP level 4. HP: 40/40 MP: 5/8
  1088 | D:2      | Glimpsed the power of Zot.
  1138 | D:2      | Glimpsed the power of Zot.
  1151 | D:3      | Upgraded the game from 0.29-a0-823-gc37b1572da to
                  | 0.29-a0-824-gd827844252
  1158 | D:3      | Reached XP level 5. HP: 46/46 MP: 7/10
  1261 | D:3      | Reached skill level 5 in Maces & Flails
  1377 | D:3      | Found a large runed translucent door.
  1377 | D:3      | Found a large runed translucent door.
  1378 | D:3      | Noticed Vadun's ghost (novice TeFi)
  1413 | D:3      | Reached XP level 6. HP: 18/53 MP: 7/11
  1431 | D:4      | Reached skill level 5 in Fire Magic
  1692 | D:4      | Learned a level 3 spell: Inner Flame
  1798 | D:4      | Found a hide-covered altar of Uskayaw.
  1986 | D:4      | Reached XP level 7. HP: 38/60 MP: 5/12
  2107 | D:4      | Reached skill level 5 in Fighting
  2279 | D:4      | Glimpsed the power of Zot.
  2303 | D:5      | Entered Level 5 of the Dungeon
  2457 | D:5      | Found a basalt altar of Yredelemnul.
  2564 | D:5      | Identified the +10 flail "Arety" {spect, rElec rC+}
  2757 | D:5      | Reached XP level 8. HP: 65/68 MP: 8/15
  2879 | D:5      | Glimpsed the power of Zot.
  3050 | D:6      | Noticed Maggie
  3063 | D:6      | Reached skill level 5 in Spellcasting
  3088 | D:6      | Killed Maggie
  3091 | D:6      | Found a glowing drain.
  3110 | D:6      | Gained mutation: You passively map the area around you.
                  | [Meteoran growth]
  3110 | D:6      | Reached XP level 9. HP: 67/74 MP: 15/17
  3136 | Sewer    | Entered a sewer
  3361 | Sewer    | HP: 3/75 [ball python (3)]
  3363 | Sewer    | HP: 1/75 [ball python (3)]
  3364 | Sewer    | Slain by a ball python

Illustrated notes

Levels and vault maps discovered:
D:1:      shiori_arrival_maze, layout_basic, nicolae_ecumenical_snake_handling,
          serial_shops, shop, minmay_stone_trees_medium
D:2:      layout_basic
D:3:      layout_rooms, ebering_ghost_disaster_area, dk_noncrumbling_4
D:4:      layout_cave_pods, lemuel_crystal_altar, minmay_cupped
D:5:      layout_basic, yredelemnul_altar_generic, minmay_misc_feat_five,
          dreamdust_princess_bridge
D:6:      layout_basic, gup_sewer_entry_glass, gammafunk_ghost_abyssal_escape,
          uniq_menkaure, uniq_sigmund, uniq_maggie, uniq_duvessa
Sewer:    sewer_minmay_w

Skill      XL: |  1  2  3  4  5  6  7  8 |
---------------+-------------------------+-----
Spellcasting   | 2 3 4 5 |  5.0
Fire Magic     | 4 5 6 8 |  8.6
Fighting       | 4 5 |  5.8
Maces & Flails | 5 6 7 8 |  8.7

Action                   |  1- 3 |  4- 6 |  7- 9 || total
-------------------------+-------+-------+-------++-------
Melee: Mace              |    34 |   102 |    29 ||   165
       Flail             |       |       |    88 ||    88
 Cast: Foxfire           |     2 |       |     3 ||     5
       Scorch            |     8 |    30 |    27 ||    65
       Inner Flame       |       |     1 |     2 ||     3
       Conjure Flame     |       |       |     1 ||     1
Invok: Foxfire Swarm     |     1 |       |       ||     1
       Fiery Armour      |     1 |       |       ||     1
  Use: Scroll            |       |     2 |     2 ||     4
 Stab: Distracted        |       |       |     1 ||     1
Armor: Robe              |    20 |    39 |    55 ||   114
Dodge: Dodged            |    20 |    68 |   161 ||   249

Table legend: (Time is in decaauts)
 A = Elapsed time spent in this place.
 B = Non-inter-level travel time spent in this place.
 C = Inter-level travel time spent in this place.
 D = Time resting spent in this place.
 E = Time spent auto-exploring this place.
 F = Levels seen in this place.
 G = Mean time per level.
                   A        B        C        D        E       F      G
               +--------+--------+--------+--------+--------+-----+--------+
         Total |   3417 |   3331 |     86 |    511 |   1799 |   7 |  488.1 |
       Dungeon |   3157 |   3071 |     86 |    511 |   1698 |   6 |  526.2 |
         Sewer |    259 |    259 |      0 |      0 |    101 |   1 |  259.0 |
               +--------+--------+--------+--------+--------+-----+--------+

Top non-repeatable levels by time:
     D:4: 884 daAuts
     D:2: 629 daAuts
     D:5: 589 daAuts
     D:1: 527 daAuts
     D:3: 282 daAuts
   Sewer: 259 daAuts
     D:6: 245 daAuts
